 Dungeon Crawl Stone Soup version 0.20-a0-261-gcb1eca7 (webtiles) character file.

53 HAL9000 the Skirmisher (level 3, -1/42 HPs)
             Began as an Ogre Hunter on Dec 3, 2016.
             Slain by Crazy Yiuf
             ... wielding a +3 quarterstaff of chaos
              (5 damage)
             ... on level 3 of the Dungeon.
             The game lasted 00:04:12 (2195 turns).

HAL9000 the Skirmisher (Ogre Hunter)                Turns: 2195, Time: 00:04:13

Health: -1/42      AC:  3    Str: 18    XL:     3   Next: 89%
Magic:  3/3        EV: 10    Int: 10    God:
Gold:   75         SH:  0    Dex: 10    Spells: 2/2 levels left

rFire  . . .     SeeInvis .     n - +0 club
rCold  . . .     Gourm    .     b - +0 robe
rNeg   . . .     Faith    .     (no shield)
rPois  .         Spirit   .     (helmet restricted)
rElec  .         Reflect  .     (no cloak)
rCorr  .         Harm     .     (gloves unavailable)
MR     .....                    (boots unavailable)
Stlth  +.........               (no amulet)
                                (no ring)
                                (no ring)

@: no status effects
A: unfitting armour, tough skin 1
a: no special abilities


You were on level 3 of the Dungeon.
You were not hungry.

You visited 1 branch of the dungeon, and saw 3 of its levels.

You collected 75 gold pieces.

Inventory:

Hand Weapons
 n - a +0 club (weapon)
Missiles
 c - a large rock (quivered)
 d - 2 throwing nets
Armour
 b - a +0 robe (worn)
Scrolls
 i - a scroll of enchant weapon {unknown}
 j - a scroll of recharging {unknown}
 o - a scroll of noise {unknown}
 p - a scroll of amnesia {unknown}
Potions
 g - a potion of agility {unknown}
 h - 3 potions of brilliance {unknown}
 l - 2 potions of curing {unknown}
Comestibles
 f - a bread ration


   Skills:
 - Level 5.0 Fighting
 + Level 1.3 Maces & Flails
 - Level 4.0 Throwing
 - Level 1.7 Dodging
 - Level 0.6 Stealth


You had 2 spell levels left.
You didn't know any spells.

Dungeon Overview and Level Annotations

Branches:
Dungeon (3/15)

Altars:

Annotations:
D:3 Crazy Yiuf


Innate Abilities, Weirdness & Mutations

You are too large for most types of armour.
You have tough skin. (AC +1)


Message History

Press: ? - help, Shift-Dir - straight line, f/p - Crazy Yiuf
Aim: Crazy Yiuf, wielding a quarterstaff of chaos and wearing a cloak (moderately wounded)
You throw a large rock. The large rock hits Crazy Yiuf.
Crazy Yiuf is heavily wounded.
Crazy Yiuf hits you with a quarterstaff of chaos! x2
You are electrocuted!
* * * LOW HITPOINT WARNING * * *
Throwing (i - inventory. (,) - cycle):
c - 3 large rocks (quivered)
Press: ? - help, Shift-Dir - straight line, f/p - Crazy Yiuf
Aim: Crazy Yiuf, wielding a quarterstaff of chaos and wearing a cloak (heavily wounded)
You throw a large rock.
The large rock closely misses Crazy Yiuf.
Crazy Yiuf barely misses you.
Throwing (i - inventory. (,) - cycle):
c - 2 large rocks (quivered)
Press: ? - help, Shift-Dir - straight line, f/p - Crazy Yiuf
Aim: Crazy Yiuf, wielding a quarterstaff of chaos and wearing a cloak (heavily wounded)
You throw a large rock.
The large rock barely misses Crazy Yiuf.
Crazy Yiuf hits you with a quarterstaff of chaos.
You die...

#.....# #[#.#.# #.#.#.#
##### ##.#.#.### #)(.#
#......... #.(.#
#..#.##### ... #..#......
#g# #..#.##### ♣@♣♣
###..#.##### ♣♣.♣
#....#...... ♣.♣♣
#.........## ... ♣♣.♣
###......... #.. ♣♣.♣♣
#......##.## #.. ♣♣...♣
###.....#... #.. ♣....♣
#......... #.. #....#
#.##..###.
#..####....#####.##..###.


You could see Crazy Yiuf.

Vanquished Creatures
  A worm (D:2)
  2 dart slugs (D:1)
  A leopard gecko (D:3)
  5 bats
  4 giant cockroaches
  5 goblins
  5 hobgoblins
  7 jackals (D:1)
  A quokka (D:2)
  2 frilled lizards
  3 kobolds
  2 rats
38 creatures vanquished.

Notes
Turn   | Place    | Note
-------+----------+-------------------------------------------
     0 | D:1      | HAL9000 the Ogre Hunter began the quest for the Orb.
     0 | D:1      | Reached XP level 1. HP: 22/22 MP: 1/1
    48 | D:1      | Reached skill level 3 in Fighting
   142 | D:1      | Reached XP level 2. HP: 30/32 MP: 2/2
   245 | D:1      | Reached skill level 4 in Fighting
   638 | D:1      | Reached XP level 3. HP: 40/40 MP: 3/3
  1406 | D:2      | Reached skill level 5 in Fighting
  1997 | D:2      | Reached skill level 1 in Maces & Flails
  2146 | D:3      | Found a runed door.
  2191 | D:3      | Noticed Crazy Yiuf
  2195 | D:3      | Slain by Crazy Yiuf

Vault maps used:
D:1:      co_arrival_square_in_a_square_in_a_square, grunt_decor_mini_mirrors
D:2:      serial_co_window_serial, co_window_corner_a, co_window_corner_a,
          co_window_paths_b, co_window_paths_a, co_window_of_opportunity_a,
          co_window_broadway_a, co_window_broadway_b, co_window_corner_b,
          co_window_broadway_b, co_window_cross_3, co_window_paths_d
D:3:      minmay_snake_closets, uniq_crazy_yiuf_cottage, uniq_grinder,
          uniq_sigmund, uniq_robin

Skill      XL: |  1  2  3 |
---------------+----------+-----
Fighting       | 3 4 5 |  5.0
Maces & Flails | 1 |  1.3
Throwing       | |  4.0
Dodging        | |  1.7
Stealth        | |  0.6

Action                   || total
-------------------------++-------
Melee: Short sword       ||   109
       Club              ||    48
Throw: Large rock        ||     5
 Stab: Sleeping          ||     2
  Eat: Chunk             ||     3
       Beef jerky        ||     1
Armor: Robe              ||    54
Dodge: Dodged            ||   104
